 Dungeon Crawl Stone Soup version 0.14-a0-2400-gb2944a8 (webtiles) character file.

439683 4tharraofdagon the Executioner (level 22, -16/196 HPs)
             Began as a Djinni Death Knight on Feb 2, 2014.
             Was the Champion of Makhleb.
             Demolished by an ettin simulacrum (32 damage)
             ... on Level 2 of the Tomb of the Ancients on Feb 3, 2014.
             The game lasted 06:25:37 (39159 turns).

4tharraofdagon the Executioner (DjDK)              Turns: 39159, Time: 06:25:37

HP -16/196 (169) AC 35     Str 22 (26) XL: 22   Next: 62%
MP   0/0         EV 10     Int 24      God: Makhleb [******]
Gold 3356        SH  2     Dex 15      Spells: 10 memorised,  3 levels left

rFire  + + +     SeeInvis +     n - +8,+11 executioner's axe of Watchfulness {holy, MR+ SInv}
rCold  . . .     Clarity  .     z - +6 scale mail of the Comet {+Blink +Fly rC+ rN+ Dam+5 SInv}
rNeg   + + +     Conserve +     (no shield)
rPois  +         rCorr    .     V - +2 helmet {Int+3}
rElec  .         rRot     .     X - +0 cloak {rPois}
SustAb . .       Spirit   .     j - +2 pair of gloves {Str+3}
rMut   .         Warding  .     (boots unavailable)
Saprov . . .     Stasis   .     A - amulet of conservation
MR     ++...                    r - +5 ring of intelligence
                                b - ring "Foihia" {rF+ Str+2 Int+2 Acc-5 Dam+6}

@: flying, very slightly contaminated, slowed, very slow, very resistant to
hostile enchantments, extremely unstealthy
A: fire immunity, cold vulnerability, iridescent scales 1, large bone plates 1,
yellow scales 1, agile 1, blurry vision 1, life protection 3, robust 1, shaggy
fur 1, wild magic 1
a: Minor Destruction, Lesser Servant of Makhleb, Major Destruction, Greater
Servant of Makhleb, Renounce Religion, Evoke Blink
}: 3/15 runes: barnacled, silver, gossamer


You were on level 2 of the Tomb of the Ancients.
You worshipped Makhleb.
Makhleb was exalted by your worship.
You were not hungry.

You visited 10 branches of the dungeon, and saw 55 of its levels.
You visited the Abyss 1 time.
You also visited: Labyrinth, Ice Cave and Volcano.

You collected 6794 gold pieces.
You spent 3438 gold pieces at shops.

Inventory:

Hand weapons
 n - the +8,+11 executioner's axe of Watchfulness (weapon) {holy, MR+ SInv}
   (You took it off a yaktaur on level 5 of the Vaults)

   It has been blessed by the Shining One to cause great damage to the undead
   and demons.
   It affects your resistance to hostile enchantments.
   It enhances your eyesight.
Missiles
 F - 7 curare-tipped needles
Armour
 j - a +2 pair of gloves of strength (worn)
 z - the +6 scale mail of the Comet (worn) {+Blink +Fly rC+ rN+ Dam+5 SInv}
   (You found it on level 3 of the Shoals)

   It affects your damage with ranged weapons and melee attacks (+5).
   It protects you from cold.
   It protects you from negative energy.
   It enhances your eyesight.
   It lets you fly.
   It lets you blink.
 V - a +2 helmet of intelligence (worn)
 X - a +0 cloak of poison resistance (worn)
 Z - the cursed +0 cloak "Ynai" {SInv}
   (You found it on level 5 of the Vaults)

   It enhances your eyesight.
   It has a curse placed upon it.
Magical devices
 a - a wand of disintegration (24)
 c - a wand of invisibility (3)
 d - a wand of disintegration (22)
 s - a wand of teleportation (8)
 K - a wand of digging (18)
Comestibles
 w - 4 pieces of ambrosia
Scrolls
 h - a scroll of torment
 m - 2 scrolls of noise
 t - 6 scrolls of remove curse
 u - 3 scrolls of fear
 v - a scroll of recharging
 B - 4 scrolls of blinking
 D - a scroll of summoning
 E - a scroll of teleportation
 J - a scroll of fog
 P - a scroll of magic mapping
 R - a scroll of silence
 Y - 5 scrolls of identify
Jewellery
 b - the ring "Foihia" (left hand) {rF+ Str+2 Int+2 Acc-5 Dam+6}
   (You found it on level 5 of the Vaults)

   [ring of protection from fire]

   It affects your strength (+2).
   It affects your intelligence (+2).
   It affects your accuracy with ranged weapons and melee attacks (-5).
   It affects your damage with ranged weapons and melee attacks (+6).
 f - the ring "Plequ" {rPois rC++ rN+ Acc+6 Stlth--}
   (You took it off a vampire knight on level 5 of the Crypt)

   [ring of positive energy]

   It affects your accuracy with ranged weapons and melee attacks (+6).
   It greatly protects you from cold.
   It protects you from poison.
   It makes you much less stealthy.
 i - the amulet of the Air {Inacc +Fly rElec EV+5 RMsl}
   (You found it on level 3 of the Elven Halls)

   [amulet of inaccuracy]

   It affects your evasion (+5).
   It insulates you from electricity.
   It lets you fly.
   It protects you from missiles.
 q - an uncursed ring of teleportation
 r - a +5 ring of intelligence (right hand)
 A - an amulet of conservation (around neck)
 G - an uncursed ring of wizardry
 M - an uncursed ring of sustain abilities
 U - a cursed ring of protection from magic {unknown}
Potions
 e - 3 potions of lignification
 k - a potion of heal wounds
 l - 3 potions of cure mutation
 x - a potion of brilliance
 C - 12 potions of curing
 H - 9 potions of restore abilities
 I - 3 potions of resistance
 L - a potion of invisibility
 T - 2 potions of magic
Books
 g - a book of Minor Magic

   Spells                             Type                      Level
   Magic Dart                         Conjuration                  1
   Blink                              Translocation                2
   Call Imp                           Summoning                    2
   Repel Missiles                     Charms/Air                   2
   Slow                               Hexes                        2
   Conjure Flame                      Conjuration/Fire             3
   Mephitic Cloud                     Conjuration/Poison/Air       3
Magical staves
 y - a cursed staff of energy
Miscellaneous
 o - a plain deck of escape {the Alchemist}
 p - a lamp of fire
 N - a lamp of fire
 S - an ornate deck of dungeons {Vitrification}
 W - a lamp of fire
Rods
 Q - a cursed +2 rod of fiery destruction (10/10)
   (You took it off a vampire on level 5 of the Crypt)


   Skills:
 + Level 14.1 Fighting
 * Level 21.1 Axes
   Level 19.0 Polearms
 - Level 19.0 Armour
 - Level 5.0 Dodging
   Level 5.0 Shields
 - Level 8.0 Spellcasting
 - Level 10.0 Charms
 + Level 13.4 Translocations
 - Level 11.1 Invocations
 - Level 7.4 Evocations


You had 3 spell levels left.
You knew the following spells:

 Your Spells              Type           Power        Failure   Level  Hunger
a - Cure Poison           Pois           ##........   34%         2    None
b - Apportation           Tloc           #######...   1%          1    None
c - Summon Butterflies    Summ           ##......     26%         1    None
d - Control Teleport      Chrm/Tloc      #######...   4%          4    ##.....
e - Phase Shift           Tloc           #######...   5%          5    ####...
f - Haste                 Chrm           ######..     50%         6    ######.
g - Controlled Blink      Tloc           N/A          73%         7    #######
h - Song of Slaying       Chrm           ######..     2%          2    None
i - Regeneration          Chrm/Necr      ######....   13%         3    None
j - Spectral Weapon       Hex/Chrm       ######..     13%         3    None


Dungeon Overview and Level Annotations

Branches:
Dungeon (16/16)            Temple (0/1) D:5             Orc (4/4) D:9
    Elf (3/3) Orc:3          Lair (8/8) D:11         Shoals (5/5) Lair:4
 Spider (5/5) Lair:5       Vaults (5/5) D:14          Blade (1/1) Vaults:4
  Crypt (5/5) Vaults:2       Tomb (3/3) Crypt:2      Depths (0/6) D:16
  Slime: Lair:6-8

Altars:
Cheibriados
Dithmengos
Elyvilon
Fedhas
Makhleb
Trog
Vehumet
The Shining One
Beogh

Shops:
D:12 [   D:13 [   D:15 ?*   D:16 :   Orc:2 :   Orc:4 [[(*   Elf:2 [?!
Vaults:2 :

Portals:
Hell: Lair:8

Annotations:
D:4 Menkaure
D:15 Snorg


Innate Abilities, Weirdness & Mutations

You are immune to all types of fire, even holy and hellish.
You are vulnerable to cold.
You need no food.
You have no legs.
You are immune to negative energy.
You are partially covered in iridescent scales (AC +4).
You are partially covered in large bone plates (AC +2, SH +2).
You are partially covered in yellow scales (AC +2).
You are agile. (Dex +2)
Your vision is a little blurry.
You are robust (+10% HP).
You are covered in fur (AC +1).
Your spells are a little harder to cast, but a little more powerful.


Message History

You destroy the mummy priest!
Makhleb accepts your kill.
You feel a little better.
You feel extremely nervous for a moment...
Your body is wracked with pain!
* * * LOW HITPOINT WARNING * * *
The three-headed hydra zombie disappears in a puff of smoke!
The red devil disappears in a puff of smoke!
The hungry ghost disappears in a puff of smoke!
The flying skull disappears in a puff of smoke!
The guardian mummy zaps a wand.
The puff of flame hits you!
The reaper hits you from afar with a runed scythe.
* * * LOW HITPOINT WARNING * * *
Unknown command.
Read which item? (? for menu, Esc to quit)
The writing blurs in front of your eyes.
The ettin simulacrum hits you!
* * * LOW HITPOINT WARNING * * *
The ettin simulacrum freezes you!
You die...

......#.(^...#........#......#
#########'##############.....#
# ................####### #
.............Z....# #
###........(####...# #
#..M......# #...# #
##.........####...# #
.........zZ)......# #
........M§§M@......# #
..........2........# #
......▓...▓.........' #
.....................#######
#....!.....Z...........#...^.#
#?.....................#.....#
#...............?......#)..^.#
#.................... #.....#
#..........<........ #.....#


You could see a greater mummy, a reaper, a guardian mummy, a flaming corpse, an
ettin simulacrum and an ice dragon skeleton.

Vanquished Creatures
  8 greater mummies
  Saint Roka (Orc:4)
  Sojobo (Tomb:1)
  Margery (Crypt:4)
  Jory (Vaults:2)
  Xtahua (Vaults:2)
  A golden dragon (Vaults:5)
  2 bone dragons (Crypt:5)
  A lich (Crypt:3)
  3 tentacled monstrosities (Vaults:5)
  A quicksilver dragon (Vaults:5)
  5 sphinxes (Tomb:1)
  2 krakens
  3 storm dragons
  3 ancient champions
  7 tengu reavers
  3 shadow dragons (Vaults:5)
  3 fire giants
  Maud (D:14)
  2 deep elf sorcerers
  A ghost moth (Spider:5)
  8 vault wardens
  2 curse skulls
  4 frost giants
  2 emperor scorpions (Spider:5)
  4 deep elf demonologists
  Jorgrun (Vaults:1)
  5 vampire knights
  7 reapers
  13 stone giants
  2 deep elf annihilators (Vaults:4)
  A dire elephant (Lair:8)
  5 eidola
  2 unborn
  A spectral quicksilver dragon (Crypt:5)
  4 deep elf death magi
  The ghost of Mitsuki the Cleaver, a powerful DsFi of Okawaru (D:13)
  22 mummy priests
  A merfolk impaler (Shoals:5)
  A minotaur (Lab)
  16 vault guards
  5 ettins
  4 ironheart preservers
  A quicksilver dragon zombie (Tomb:1)
  7 yaktaur captains
  9 jiangshi
  2 deep elf high priests (Elf:3)
  2 great orbs of eyes
  7 hydras
  An ice dragon (D:12)
  A ravenous feature mimic (Crypt:5)
  23 dancing weapons
  7 ogre magi
  A hydra (shapeshifter) (Vaults:4)
  Erica (D:11)
  A deep dwarf death knight (Crypt:5)
  A spectral fire giant (Crypt:2)
  7 death yaks
  5 very ugly things
  A spectral elf (Crypt:5)
  4 vampire magi
  An orc high priest (Orc:4)
  7 soul eaters
  9 centaur warriors
  A dryad (Lair:1)
  6 hell knights (Crypt:4)
  5 shadow wraiths
  Nergalle (Lair:1)
  7 storm dragon zombies
  3 deep elf knights
  13 skeletal warriors
  2 iron trolls
  2 ice devils
  A ghost moth zombie (Crypt:1)
  2 sea snakes (Shoals:5)
  An unseen horror (Vaults:1)
  A storm dragon skeleton (Tomb:2)
  2 golden dragon zombies
  A lindwurm (Lair:8)
  2 shadow dragon zombies (Crypt:3)
  A deep troll (Vaults:5)
  An anaconda zombie (Crypt:5)
  2 ice statues (IceCv)
  A deep elf conjurer (Elf:1)
  A flayed ghost (Crypt:5)
  A harpy (shapeshifter) (Vaults:2)
  7 ironbrand convokers
  2 giant amoebae
  6 hill giants
  11 harpies
  Joseph (D:10)
  11 wolf spiders
  7 flaming corpses
  A wizard (Lair:8)
  An orc sorcerer (Vaults:2)
  3 griffons
  4 necromancers
  A sixfirhy (Tomb:3)
  7 red wasps
  3 cyclopes
  11 slime creatures
  8 orc knights
  2 frost giant zombies
  3 vault sentinels
  2 deep elf summoners
  A black mamba (shapeshifter) (Vaults:5)
  2 titan simulacra
  A fire giant skeleton (Crypt:3)
  18 phantasmal warriors
  3 black mambas
  An octopode (Shoals:2)
  A dire elephant zombie (Crypt:3)
  A guardian serpent (shapeshifter) (D:13)
  A queen ant (Lair:5)
  6 spiny frogs
  3 orange demons
  A feature mimic (Lair:6)
  A red draconian zombie (Crypt:5)
  A golden dragon simulacrum (Crypt:4)
  6 orb spiders
  A spectral human (Crypt:4)
  A death yak zombie (Crypt:4)
  4 mermaids (Shoals:5)
  A storm dragon simulacrum (Crypt:2)
  An anaconda simulacrum (Crypt:5)
  5 fire drakes
  15 yaktaurs
  4 hellwings
  6 centaur zombies
  4 blue devils
  2 dire elephant skeletons
  2 demonic crawlers
  An orb spider (shapeshifter) (Vaults:2)
  A silent spectre (Crypt:5)
  5 trolls
  3 deep elf priests
  A ghoul skeleton (Vaults:1)
  11 two-headed ogres
  A white draconian skeleton (Crypt:3)
  5 komodo dragons
  2 merfolk (Shoals:5)
  A queen bee (shapeshifter) (Vaults:5)
  79 guardian mummies
  2 red devils (Lair:8)
  Sonja (D:11)
  A centaur skeleton (Vaults:1)
  3 jumping spiders
  A tengu conjurer (D:16)
  A moth of wrath zombie (Crypt:5)
  3 hydra skeletons
  A wolf spider simulacrum (Crypt:3)
  2 ettin zombies
  2 snapping turtles
  A giant amoeba zombie (Tomb:2)
  A fire dragon zombie (Crypt:1)
  2 minotaur skeletons
  An ice dragon zombie (Crypt:5)
  A black mamba zombie (Crypt:5)
  3 boulder beetles
  28 flying skulls
  6 trapdoor spiders
  A spectral black mamba (Crypt:5)
  2 air elementals (Tomb:1)
  2 ugly thing zombies
  3 basilisks (Lair:4)
  A blink frog (Lair:3)
  A satyr skeleton (Crypt:4)
  A chaos spawn (Tomb:3)
  6 redbacks
  27 yaks
  6 deep elf magi
  42 vampires
  An elephant slug (Lair:8)
  An elf zombie (D:16)
  A fire dragon skeleton (D:14)
  24 ugly things
  20 shadows
  2 ice dragon skeletons (Crypt:3)
  5 tarantellas
  A human (shapeshifter) (Vaults:4)
  Eustachio (D:7)
  10 wraiths
  4 hill giant zombies
  12 sharks
  12 hippogriffs
  10 manticores
  Grum (D:9)
  12 vampire mosquitoes
  4 hungry ghosts
  A neqoxec (Tomb:2)
  A gelid demonspawn zombie (Tomb:2)
  12 deep elf fighters
  6 soldier ants
  9 wolves
  A shock serpent simulacrum (Crypt:4)
  Edmund (D:8)
  6 necrophages
  A harpy simulacrum (D:15)
  5 porcupines
  A spiny frog zombie (Crypt:5)
  34 orc warriors
  A baby alligator zombie (Tomb:2)
  A hell hound (Lair:4)
  A putrid demonspawn skeleton (Crypt:1)
  13 humans
  3 sky beasts
  A sky beast (shapeshifter) (Vaults:4)
  8 freezing wraiths
  4 ice beasts
  A swamp dragon (shapeshifter) (Crypt:1)
  3 phantoms
  2 black bears
  A swamp dragon zombie (Crypt:5)
  A blink frog skeleton (Crypt:1)
  20 centaurs
  2 ettin simulacra
  A lost soul (Crypt:5)
  37 ogres
  A fire crab zombie (Crypt:4)
  A rotting devil (Lair:8)
  7 giant goldfish
  A vampire mosquito zombie (D:12)
  A boring beetle (Lair:5)
  Sigmund (D:4)
  A faun skeleton (Crypt:2)
  A spectral formicid (Crypt:3)
  A big kobold (D:14)
  A hog skeleton (Crypt:3)
  2 wargs
  6 giant slugs
  A manticore zombie (D:11)
  A komodo dragon zombie (D:10)
  7 crocodiles
  6 water moccasins
  11 giant frogs
  A yaktaur skeleton (Crypt:5)
  A manticore skeleton (Crypt:3)
  2 agate snails
  2 gnoll sergeants (D:9)
  A cyclops skeleton (D:10)
  3 eyes of draining
  4 killer bees
  8 wights
  2 troll skeletons
  6 electric eels
  3 jellyfish (Lair:7)
  8 goliath beetles
  A giant frog zombie (D:9)
  22 orc priests
  A basilisk zombie (D:13)
  6 crimson imps
  A gnoll shaman (D:7)
  A human zombie (Crypt:5)
  A demonspawn skeleton (Crypt:5)
  5 spiders
  7 hounds
  21 orc wizards
  3 quasits
  4 scorpions
  A warg zombie (Crypt:4)
  4 big fish
  10 iguanas
  A warg skeleton (Vaults:2)
  A two-headed ogre skeleton (Crypt:4)
  A porcupine skeleton (Crypt:3)
  13 sheep
  14 worker ants
  An ogre zombie (D:11)
  A crocodile zombie (D:10)
  A mottled dragon zombie (D:14)
  22 mummies
  A demigod skeleton (Crypt:2)
  A dwarf skeleton (Crypt:4)
  A naga zombie (Crypt:5)
  A naga skeleton (Crypt:4)
  A worker ant zombie (Tomb:2)
  18 adders
  9 orc zombies
  56 green rats
  A steam dragon zombie (Crypt:2)
  2 giant centipedes
  19 gnolls
  3 giant mites
  An inept feature mimic (D:7)
  21 white imps
  3 worms
  A goliath beetle zombie (D:7)
  7 ufetubi
  An iguana skeleton (D:4)
  3 adder skeletons
  A giant eyeball (D:10)
  3 giant geckos
  An ooze (D:3)
  152 orcs
  2 ball pythons
  A bat skeleton (D:7)
  6 giant cockroaches
  9 goblins
  12 hobgoblins
  14 kobolds
  9 quokkas
  28 bats
  A giant gecko zombie (Tomb:2)
  4 giant newts
  2 giant spores
  8 jackals
  A quokka skeleton (D:4)
  A quokka zombie (D:9)
  15 rats
  A rat zombie (Crypt:2)
  2 spectral orcs (Lair:1)
  6 ballistomycetes
  A crawling corpse (Vaults:3)
  3 plants (Crypt:2)
1729 creatures vanquished.

Vanquished Creatures (collateral kills)
  Norris (Spider:4)
  Mara (Shoals:5)
  A bone dragon (Vaults:5)
  Nikola (Spider:3)
  Arachne (Spider:3)
  The ghost of Gorice the Executioner, a mighty HOWn of Okawaru (Spider:5)
  2 deep elf blademasters (Elf:3)
  A titan (Shoals:3)
  2 deep elf master archers (Elf:3)
  Polyphemus (Shoals:5)
  A sphinx (shapeshifter) (Elf:3)
  A sphinx (Vaults:4)
  2 tengu reavers (Vaults:5)
  Kirke (Shoals:1)
  A shadow dragon (Vaults:5)
  Ilsuiw (Shoals:5)
  Wiglaf (Vaults:4)
  6 vault wardens
  2 emperor scorpions
  A frost giant (Vaults:4)
  2 ghost moths (Spider:5)
  5 deep elf sorcerers (Elf:3)
  12 stone giants
  5 deep elf demonologists
  7 deep elf annihilators (Elf:3)
  6 merfolk javelineers (Shoals:5)
  5 deep elf death magi (Elf:3)
  An ettin (Vaults:4)
  5 ironheart preservers
  A siren (Shoals:5)
  3 merfolk impalers
  18 vault guards
  7 yaktaur captains
  A ravenous feature mimic (Elf:2)
  A small abomination (Vaults:3)
  2 ogre magi
  6 deep trolls
  3 ravenous item mimics
  An ice dragon (Vaults:3)
  2 hydras
  4 satyrs
  A deep troll shaman (Vaults:3)
  An orc high priest (Orc:4)
  3 death yaks (Shoals:5)
  2 spectral elves (Elf:3)
  2 very ugly things (Vaults:4)
  A soul eater (Orc:4)
  A catoblepas (Shoals:5)
  An iron troll (Vaults:3)
  8 deep elf knights
  2 centaur warriors (Vaults:1)
  9 sea snakes
  5 water nymphs
  6 hill giants
  A hill giant (shapeshifter) (Vaults:5)
  2 water nymphs (shapeshifter) (Vaults:5)
  14 harpies
  4 orc knights
  11 deep elf conjurers
  2 wizards (D:14)
  12 griffons
  A giant amoeba (Vaults:2)
  7 ironbrand convokers
  8 cyclopes
  A phantasmal warrior (Vaults:3)
  A moth of wrath (Spider:5)
  A spiny worm (Vaults:4)
  21 wolf spiders
  5 red wasps
  A sixfirhy (Elf:3)
  2 octopodes
  5 vault sentinels
  A spiny frog (Lair:8)
  4 orange demons
  8 deep elf summoners
  2 fire drakes (Lair:4)
  2 item mimics
  A feature mimic (Orc:2)
  7 fauns
  A yaktaur (shapeshifter) (Vaults:5)
  A yaktaur zombie (D:15)
  13 yaktaurs
  8 mermaids
  A formicid venom mage (Spider:5)
  A troll (shapeshifter) (D:16)
  A hell beast (Lair:8)
  15 merfolk
  A red devil (Lair:8)
  4 demonic crawlers
  6 orb spiders
  2 trolls
  3 deep elf priests
  A hydra zombie (D:11)
  A wind drake (Shoals:5)
  3 komodo dragons
  A blue devil (Orc:4)
  8 slime creatures
  4 two-headed ogres
  17 jumping spiders
  A boulder beetle (Vaults:4)
  A brown ooze (shapeshifter) (Vaults:1)
  8 blink frogs
  11 tarantellas
  18 redbacks
  A formicid (Spider:2)
  15 trapdoor spiders
  A basilisk (Lair:4)
  A griffon skeleton (D:15)
  5 snapping turtles
  9 yaks
  21 ugly things
  16 deep elf fighters
  6 water elementals
  11 deep elf magi
  6 sharks
  6 humans (D:14)
  9 manticores
  3 hogs
  5 vampire mosquitoes
  A hill giant skeleton (D:9)
  3 porcupines
  A soldier ant (Lair:5)
  2 wolves (Lair:5)
  5 freezing wraiths
  18 orc warriors
  5 centaurs
  An ice beast (Elf:2)
  2 crocodiles
  A boring beetle (Spider:1)
  A yellow wasp (Spider:5)
  16 ogres
  2 phantoms
  4 giant goldfish
  A warg (Vaults:2)
  A rotting devil (Lair:8)
  A big kobold (D:16)
  A lost soul (Elf:3)
  A giant frog (D:7)
  A giant slug (Lair:5)
  3 water moccasins
  An agate snail (Lair:8)
  5 electric eels
  A yak zombie (D:8)
  23 spiders
  2 crimson imps
  3 jellyfish
  A pulsating lump (shapeshifter) (Vaults:5)
  16 orc priests
  A giant frog zombie (D:10)
  4 goliath beetles
  3 hounds
  A quasit (D:10)
  A jelly (D:13)
  A gnoll shaman (D:10)
  A human zombie (D:14)
  A scorpion (Spider:2)
  A cyclops simulacrum (D:15)
  An iguana (Lair:5)
  16 orc wizards
  6 big fish
  3 orange rats (Elf:2)
  5 worker ants (Lair:5)
  2 sheep
  A mummy (D:16)
  2 adders
  3 gnolls
  2 giant centipedes
  6 green rats
  A giant mite (Lair:5)
  2 worms
  97 orcs
  6 goblins
  2 hobgoblins
  A jackal (Lair:4)
  5 bats
  A giant gecko (Lair:4)
  7 kobolds
  A rat (D:11)
  2 crawling corpses (Vaults:3)
  2 fungi
  5 plants
  5 tentacles
859 creatures vanquished.

Vanquished Creatures (others)
  2 profane servitors
  4 bone dragons
  A tengu reaver (Vaults:5)
  A fire giant (Vaults:5)
  5 ghouls
  A spectral sphinx (Vaults:4)
  A minotaur (D:1)
  A vault guard (Vaults:5)
  4 death cobs
  A storm dragon zombie (Vaults:5)
  A storm dragon skeleton (Vaults:5)
  7 skeletal warriors
  2 tengu zombies (Vaults:5)
  A ghost moth zombie (Spider:5)
  A shadow dragon zombie (Vaults:5)
  4 flaming corpses
  4 flayed ghosts
  3 wolf spider zombies
  3 phantasmal warriors
  7 stone giant zombies
  A shadow dragon skeleton (Vaults:5)
  An elf (D:1)
  A ghoul skeleton (Vaults:5)
  4 redback zombies
  4 hydra zombies
  6 harpy zombies
  A demonic crawler zombie (Spider:4)
  2 fire elementals (Vaults:2)
  2 human skeletons
  A harpy skeleton (Shoals:1)
  2 griffon zombies
  An ettin zombie (Vaults:5)
  4 tarantella zombies (Spider:5)
  3 jumping spider zombies (Spider:5)
  3 red wasp zombies (Spider:5)
  An ogre (Vaults:5)
  3 black mamba zombies
  An ice dragon zombie (Vaults:3)
  2 trapdoor spider zombies (Spider:5)
  5 flying skulls
  2 ugly thing zombies
  5 vampires
  5 wraiths
  An agate snail zombie (Lair:8)
  A naga (D:1)
  2 blink frog zombies
  A felid (D:1)
  A centaur (D:1)
  10 lost souls
  4 vampire mosquito zombies
  A hog zombie (Shoals:1)
  3 fire drake zombies (Lair:4)
  A komodo dragon zombie (Lair:8)
  6 manticore zombies (Lair:4)
  A cyclops zombie (Vaults:2)
  19 yaktaur zombies
  3 giant slug zombies
  An orb spider zombie (Spider:5)
  A formicid zombie (Spider:5)
  6 yak zombies
  2 hippogriff zombies
  A wolf zombie (Lair:5)
  A wight (D:12)
  2 giant frog zombies (D:12)
  8 elf zombies
  4 two-headed ogre zombies
  A black bear zombie (D:9)
  8 centaur zombies
  A water moccasin zombie (Lair:3)
  A kobold zombie (D:11)
  2 porcupine zombies
  A killer bee zombie (D:9)
  3 crocodile zombies
  17 ogre zombies
  2 hound zombies
  8 mummies
  A chimera (D:12)
  20 human zombies
  5 worker ant zombies
  16 orc zombies
  2 goliath beetle zombies
  5 ufetubi (IceCv)
  An electric eel zombie (Lair:3)
  An iguana zombie (D:7)
  2 giant centipede zombies
  4 sheep zombies
  An adder zombie (Lair:8)
  A bat zombie (Lair:6)
  6 green rat zombies
  A bat (Lair:2)
  A giant gecko zombie (Lair:4)
  2 gnoll zombies (D:9)
  3 kobolds (D:1)
  A quokka zombie (Lair:4)
  A bush (Shoals:2)
  4 fungi
  12 tentacles
  177 tentacle segments (Shoals:3)
505 creatures vanquished.

Grand Total: 3093 creatures vanquished

Notes
Turn   | Place    | Note
--------------------------------------------------------------
     0 | D:1      | 4tharraofdagon, the Djinni Death Knight, began the quest for the Orb.
     0 | D:1      | Reached XP level 1. HP: 15/15 MP: 0/0
     0 | D:1      | Noticed a vampire
     0 | D:1      | Noticed a felid
     0 | D:1      | Noticed a naga
     0 | D:1      | Noticed a kraken
     0 | D:1      | Noticed a centaur
     0 | D:1      | Noticed an elf
     0 | D:1      | Noticed a vampire
     0 | D:1      | Noticed a minotaur
     5 | D:1      | Reached skill level 1 in Dodging
     5 | D:1      | Killed a vampire
     6 | D:1      | Killed a centaur
     6 | D:1      | Killed a vampire
     7 | D:1      | Killed a felid
     9 | D:1      | Killed a minotaur
    10 | D:1      | Killed a naga
    10 | D:1      | Killed an elf
    53 | D:1      | Reached XP level 2. EP: 16/21
   539 | D:2      | Reached XP level 3. EP: 28/28
   670 | D:3      | Reached skill level 3 in Polearms
   796 | D:3      | Acquired Yredelemnul's second power
   913 | D:3      | Reached XP level 4. EP: 30/34
  1066 | D:5      | Entered Level 5 of the Dungeon
  1123 | D:4      | Noticed Menkaure
  1322 | D:4      | Reached XP level 5. EP: 41/41
  1922 | D:4      | Reached skill level 4 in Polearms
  1927 | D:4      | Noticed Sigmund
  1951 | D:4      | Killed Sigmund
  2116 | D:4      | Reached XP level 6. EP: 50/50
  2262 | D:5      | Noticed a phantom
  2287 | D:5      | Killed a phantom
  2319 | D:5      | Found a staircase to the Ecumenical Temple.
  2550 | D:7      | Reached skill level 5 in Polearms
  2550 | D:7      | Reached XP level 7. EP: 41/57
  2614 | D:6      | Noticed a soldier ant
  2878 | D:7      | Found a glowing golden altar of the Shining One.
  2936 | D:7      | Reached skill level 6 in Polearms
  2936 | D:7      | Reached XP level 8. EP: 21/68
  2957 | D:7      | Noticed Eustachio
  2969 | D:7      | Killed Eustachio
  2989 | D:7      | Reached skill level 1 in Evocations
  2999 | D:7      | Your ally Eustachio died
  3318 | D:7      | Noticed a hippogriff
  3327 | D:7      | Killed a hippogriff
  3356 | D:7      | Noticed a hog
  3368 | D:7      | Reached skill level 7 in Polearms
  3389 | D:7      | Killed a hog
  3479 | D:7      | Reached XP level 9. EP: 55/75
  3502 | D:7      | Found a radiant altar of Vehumet.
  3526 | D:7      | Found a staircase to the Ecumenical Temple.
  3533 | D:7      | the staircase to the Ecumenical Temple was a mimic.
  3553 | D:7      | Found a white marble altar of Elyvilon.
  3553 | D:7      | Found a blossoming altar of Fedhas.
  3554 | D:7      | Found a snail-covered altar of Cheibriados.
  3667 | D:8      | Reached skill level 5 in Armour
  3992 | D:8      | Found a glowing golden altar of the Shining One.
  4011 | D:8      | Reached skill level 5 in Fighting
  4011 | D:8      | Reached skill level 5 in Invocations
  4125 | D:8      | Noticed Edmund
  4135 | D:8      | Killed Edmund
  4266 | D:9      | Reached skill level 8 in Polearms
  4367 | D:9      | Noticed Grum
  4375 | D:9      | Killed Grum
  4713 | D:9      | Found a staircase to the Orcish Mines.
  4767 | D:9      | Reached skill level 5 in Dodging
  4854 | D:9      | Reached XP level 10. EP: 44/85
  5008 | D:9      | Reached skill level 5 in Evocations
  5093 | D:9      | Reached skill level 9 in Polearms
  5505 | D:10     | Entered Level 10 of the Dungeon
  5516 | D:10     | Noticed Joseph
  5536 | D:10     | Killed Joseph
  5794 | D:10     | Found a burning altar of Makhleb.
  5984 | D:10     | Noticed a hill giant
  6006 | D:10     | Your ally Joseph died
  6010 | D:10     | Killed a hill giant
  6024 | D:10     | Gained mutation: You are robust (+10% HP). [mutagenic meat]
  6051 | D:10     | Gained mutation: You are partially covered in yellow scales (AC +2). [potion of mutation]
  6051 | D:10     | Gained mutation: You are covered in fur (AC +1). [potion of mutation]
  6051 | D:10     | Gained mutation: Your vision is a little blurry. [potion of mutation]
  6253 | D:10     | Gained mutation: You are partially covered in iridescent scales (AC +4). [mutagenic meat]
  6299 | D:10     | Reached skill level 10 in Polearms
  6299 | D:10     | Reached XP level 11. EP: 73/102
  6502 | D:11     | Noticed Sonja
  6504 | D:11     | Killed Sonja
  6603 | D:11     | Noticed Erica
  6620 | D:11     | Your ally Sonja died
  6642 | D:11     | Killed Erica
  6665 | D:11     | Noticed a hill giant
  6676 | D:11     | Killed a hill giant
  6796 | D:11     | Found a staircase to the Lair.
  6897 | D:11     | Acquired Yredelemnul's third power
  7184 | D:11     | Noticed a hill giant
  7201 | D:11     | Killed a hill giant
  7290 | D:11     | Received a gift from Yredelemnul
  7462 | D:12     | Found Xuaniqurue's Armour Shop.
  7533 | D:12     | Noticed a hill giant
  7661 | D:12     | Killed a hill giant
  7661 | D:12     | Reached skill level 11 in Polearms
  7890 | D:12     | Noticed a hill giant
  7891 | D:12     | Noticed a hill giant
  7891 | D:12     | Noticed a four-headed hydra
  7915 | D:12     | Killed a hill giant
  7926 | D:12     | Noticed an ice dragon
  7926 | D:12     | a four-headed hydra changed into an ice dragon
  7934 | D:12     | HP: 2/114 [ice dragon/blast of cold (34)]
  8557 | D:12     | Killed a hill giant
  8706 | D:12     | Killed an ice dragon
  8706 | D:12     | Reached XP level 12. EP: 74/113
  9055 | Lair:1   | Entered Level 1 of the Lair of Beasts
  9125 | Lair:1   | Noticed a seven-headed hydra
  9127 | Lair:1   | a seven-headed hydra changed into a dryad
  9176 | Lair:1   | Got an ancient trident
  9185 | Lair:1   | Found a labyrinth entrance.
  9201 | Lab      | Entered a labyrinth
  9344 | Lab      | Found an exit through the horrors of the Abyss.
  9420 | Lab      | Noticed a minotaur
  9425 | Lab      | Killed a minotaur
  9425 | Lab      | Reached skill level 12 in Polearms
  9436 | Lab      | :(
  9604 | Lair:1   | Noticed Nergalle
  9641 | Lair:1   | Killed Nergalle
 10366 | Lair:3   | Found a frozen archway.
 10438 | IceCv    | Entered an ice cave
 10519 | IceCv    | Reached skill level 10 in Armour
 11624 | Lair:3   | Reached skill level 13 in Polearms
 11762 | Lair:3   | Received a gift from Yredelemnul
 11935 | Lair:4   | Found a staircase to the Shoals.
 11940 | Lair:4   | Reached XP level 13. EP: 77/125
 11968 | Lair:4   | HP: 6/134 [barbs]
 12301 | Lair:4   | Noticed a six-headed hydra
 12301 | Lair:4   | Noticed a six-headed hydra
 12306 | Lair:4   | Acquired Yredelemnul's fourth power
 12337 | Lair:4   | Reached skill level 1 in Shields
 12368 | Lair:4   | Killed a six-headed hydra
 12383 | Lair:4   | Killed a six-headed hydra
 12759 | Lair:4   | Noticed an eight-headed hydra
 12841 | Lair:3   | Received a gift from Yredelemnul
 13126 | Lair:3   | Received a gift from Yredelemnul
 13168 | Lair:4   | Killed an eight-headed hydra
 13647 | Lair:5   | Received a gift from Yredelemnul
 13749 | Lair:5   | Found a hole to the Spider Nest.
 13882 | Lair:6   | Reached skill level 14 in Polearms
 13897 | Lair:6   | Received a gift from Yredelemnul
 14051 | Lair:6   | Found a dark tunnel.
 14066 | Volcano  | Entered a volcano
 14135 | Lair:6   | Reached skill level 10 in Invocations
 14148 | Lair:6   | Learned a level 2 spell: Cure Poison
 14174 | Lair:6   | Acquired Yredelemnul's fifth power
 14229 | Lair:6   | Found a staircase to the Shoals.
 14236 | Lair:6   | Received a gift from Yredelemnul
 14244 | Lair:6   | the staircase to the Shoals was a mimic.
 14629 | Lair:8   | Entered Level 8 of the Lair of Beasts
 14708 | Lair:8   | Reached skill level 1 in Spellcasting
 14708 | Lair:8   | Reached XP level 14. EP: 109/134
 14716 | Lair:8   | Noticed a dire elephant
 14779 | Lair:8   | Killed a dire elephant
 15466 | Lair:8   | Found a burning altar of Makhleb.
 15499 | Lair:8   | Reached skill level 10 in Fighting
 15567 | Lair:8   | Found a gateway to Hell.
 15809 | Lair:8   | Received a gift from Yredelemnul
 15847 | Lair:8   | Got a fine glaive
 15858 | Lair:8   | Identified the +0,+5 glaive "Asimpola" {chop, Str+2 Dex+3} (You found it on level 8 of the Lair of Beasts)
 16345 | D:13     | Found Klagah's Armour Emporium.
 16366 | D:13     | Bought a +0 pair of orcish gloves for 22 gold pieces
 16406 | D:13     | Received a gift from Yredelemnul
 16497 | D:13     | Noticed Mitsuki's ghost (powerful DsFi)
 16539 | D:13     | Killed Mitsuki's ghost
 16954 | D:14     | Received a gift from Yredelemnul
 17108 | D:14     | Noticed Maud
 17126 | D:14     | Killed Maud
 17197 | D:14     | Received a gift from Yredelemnul
 17202 | D:14     | Reached skill level 15 in Armour
 17232 | D:14     | Found a gate to the Vaults.
 17285 | D:14     | Received a gift from Yredelemnul
 17399 | D:14     | Reached skill level 16 in Armour
 17540 | D:14     | Gained mutation: You are partially covered in large bone plates (AC +2, SH +2). [potion of beneficial mutation]
 17582 | D:15     | Entered Level 15 of the Dungeon
 17680 | D:15     | Received a gift from Yredelemnul
 17703 | D:15     | Found Yssyag Twio's Assorted Antiques.
 17712 | D:15     | Bought a potion of heal wounds for 60 gold pieces
 17712 | D:15     | Bought a potion of curing for 40 gold pieces
 17712 | D:15     | Bought a scroll labeled REACIS PSOM for 20 gold pieces
 17728 | D:15     | Reached skill level 17 in Armour
 17802 | D:15     | Found Weuvoarr's Magic Scroll Shoppe.
 17808 | D:15     | Bought a scroll of teleportation for 45 gold pieces
 17808 | D:15     | Bought a scroll of magic mapping for 52 gold pieces
 17808 | D:15     | Bought a scroll of identify for 30 gold pieces
 17876 | D:16     | Entered Level 16 of the Dungeon
 17996 | D:16     | Found a staircase to the Depths.
 18163 | D:16     | Reached XP level 15. EP: 69/141
 18171 | D:16     | Received a gift from Yredelemnul
 18405 | D:16     | Found a shadowy altar of Dithmengos.
 18416 | D:16     | Found Orghaeda's Book Emporium.
 18537 | D:15     | Noticed Snorg
 18709 | Orc:1    | Entered Level 1 of the Orcish Mines
 18716 | Orc:1    | Received a gift from Yredelemnul
 18719 | Orc:1    | Received a gift from Yredelemnul
 18852 | Orc:2    | Found a radiant altar of Vehumet.
 18869 | Orc:2    | Received a gift from Yredelemnul
 18915 | Orc:2    | Found Crode's Book Shop.
 19003 | Orc:1    | Received a gift from Yredelemnul
 19100 | Orc:1    | Found a roughly hewn altar of Beogh.
 19327 | Orc:3    | Found a staircase to the Elven Halls.
 19552 | Orc:3    | Found a bloodstained altar of Trog.
 19567 | Orc:3    | Received a gift from Yredelemnul
 19727 | Orc:4    | Entered Level 4 of the Orcish Mines
 19790 | Orc:4    | Received a gift from Yredelemnul
 19828 | Orc:4    | Found a roughly hewn altar of Beogh.
 19921 | Orc:4    | Found a roughly hewn altar of Beogh.
 19947 | Orc:4    | Found a roughly hewn altar of Beogh.
 20011 | Orc:4    | Found a roughly hewn altar of Beogh.
 20011 | Orc:4    | Found Igyn's Armour Shoppe.
 20017 | Orc:4    | Received a gift from Yredelemnul
 20108 | Orc:4    | Noticed Saint Roka
 20125 | Orc:4    | Killed Saint Roka
 20130 | Orc:4    | Received a gift from Yredelemnul
 20147 | Orc:4    | Found a roughly hewn altar of Beogh.
 20148 | Orc:4    | Found Wutaf's Antique Armour Shoppe.
 20156 | Orc:4    | Found Klaerhei's Antique Weapon Emporium.
 20168 | Orc:4    | Bought a glowing demon trident for 330 gold pieces
 20228 | Orc:4    | Found a roughly hewn altar of Beogh.
 20228 | Orc:4    | Found Darokohe's General Store.
 20262 | Orc:4    | Found a roughly hewn altar of Beogh.
 20352 | Elf:1    | Entered Level 1 of the Elven Halls
 20414 | Elf:1    | Received a gift from Yredelemnul
 20458 | Elf:1    | Reached skill level 15 in Polearms
 20504 | Elf:3    | Entered Level 3 of the Elven Halls
 20540 | Elf:3    | Noticed a deep elf blademaster
 20545 | Elf:3    | Killed a deep elf blademaster
 20553 | Elf:3    | Received a gift from Yredelemnul
 20609 | Elf:3    | Reached skill level 18 in Armour
 20645 | Elf:3    | Noticed a deep elf master archer
 20651 | Elf:3    | Killed a deep elf master archer
 20693 | Elf:3    | Noticed a deep elf master archer
 20701 | Elf:3    | Killed a deep elf master archer
 20731 | Elf:3    | Noticed a deep elf blademaster
 20740 | Elf:3    | Killed a deep elf blademaster
 20740 | Elf:3    | Reached skill level 5 in Spellcasting
 20810 | Elf:3    | Received a gift from Yredelemnul
 20846 | Elf:3    | Got a shimmering buckler
 20879 | Elf:3    | Identified the -2 buckler "Pagiapso" {Dex+4} (You found it on level 3 of the Elven Halls)
 20919 | Elf:3    | Got a brightly glowing chain mail
 21004 | Elf:2    | Found Kab Kle's Antique Armour Shoppe.
 21067 | Elf:2    | Identified the cursed +6 chain mail "Clydybb" {+Blink MR+ Acc-2} (You took it off a deep elf priest on level 3 of the Elven Halls)
 21090 | Elf:2    | Identified the Volume of the Entourage (You found it on level 2 of the Elven Halls)
 21102 | Elf:2    | Reached XP level 16. EP: 132/152
 21200 | Elf:2    | Found Esoerayt's Magic Scroll Emporium.
 21208 | Elf:2    | Found Sakeink's Distillery.
 21210 | Elf:2    | Bought a scroll of enchant armour for 77 gold pieces
 21210 | Elf:2    | Bought a scroll of enchant weapon I for 77 gold pieces
 21210 | Elf:2    | Bought a scroll of enchant armour for 77 gold pieces
 21222 | Elf:2    | Bought a scroll of identify for 28 gold pieces
 21222 | Elf:2    | Bought a scroll of identify for 28 gold pieces
 21222 | Elf:2    | Bought a scroll of identify for 28 gold pieces
 21239 | Elf:2    | Bought a potion of curing for 32 gold pieces
 21239 | Elf:2    | Bought a potion of agility for 40 gold pieces
 21239 | Elf:2    | Bought a potion of speed for 88 gold pieces
 21239 | Elf:2    | Bought a potion of agility for 40 gold pieces
 21239 | Elf:2    | Bought a potion of curing for 32 gold pieces
 21239 | Elf:2    | Bought a potion of curing for 32 gold pieces
 21239 | Elf:2    | Bought a potion of restore abilities for 48 gold pieces
 21239 | Elf:2    | Bought a potion of resistance for 112 gold pieces
 21329 | Elf:3    | Noticed a golden dragon
 21333 | Elf:3    | a golden dragon changed into a sphinx
 21542 | Elf:1    | Received a gift from Yredelemnul
 21639 | Orc:2    | Bought a book of the Warp for 1080 gold pieces
 21853 | D:16     | Bought a book of Cantrips for 260 gold pieces
 21857 | D:16     | Learned a level 1 spell: Apportation
 21859 | D:16     | Learned a level 1 spell: Summon Butterflies
 22139 | Shoals:1 | Entered Level 1 of the Shoals
 22167 | Shoals:1 | Identified a scroll of acquirement
 22173 | Shoals:1 | Gained mutation: You are agile. (Dex +2) [potion of beneficial mutation]
 22200 | Shoals:1 | Noticed Kirke
 22215 | Shoals:1 | Killed Kirke
 22215 | Shoals:1 | Reached skill level 1 in Translocations
 22262 | Shoals:1 | Received a gift from Yredelemnul
 22328 | Shoals:2 | Learned a level 4 spell: Control Teleport
 22460 | Shoals:4 | Reached skill level 1 in Charms
 22569 | Shoals:5 | Entered Level 5 of the Shoals
 22609 | Shoals:5 | Noticed Polyphemus
 22619 | Shoals:5 | Killed Polyphemus
 22750 | Shoals:5 | Received a gift from Yredelemnul
 22858 | Shoals:5 | Got a barnacled rune of Zot
 22999 | Shoals:5 | Noticed Ilsuiw
 23012 | Shoals:5 | Killed Ilsuiw
 23043 | Shoals:5 | Noticed Mara
 23049 | Shoals:5 | Noticed 4tharraofdagon's illusion
 23055 | Shoals:5 | Noticed Mara
 23055 | Shoals:5 | Noticed Mara
 23057 | Shoals:5 | Killed Mara
 23290 | Shoals:5 | Received a gift from Yredelemnul
 23482 | Shoals:3 | Noticed a titan
 23501 | Shoals:3 | Killed a titan
 23533 | Shoals:3 | Reached skill level 5 in Translocations
 23559 | Shoals:3 | Got a polished scale mail
 23561 | Shoals:3 | Identified the +6 scale mail of the Comet {+Blink +Fly rC+ rN+ Dam+5 SInv} (You found it on level 3 of the Shoals)
 23673 | Shoals:1 | Reached skill level 5 in Charms
 23683 | Shoals:1 | Reached XP level 17. EP: 46/159
 23757 | Shoals:1 | Learned a level 5 spell: Phase Shift
 23950 | Spider:1 | Entered Level 1 of the Spider Nest
 24066 | Spider:1 | Received a gift from Yredelemnul
 24489 | Spider:2 | Learned a level 6 spell: Haste
 24506 | Spider:3 | Noticed Arachne
 24522 | Spider:3 | Killed Arachne
 24599 | Spider:3 | Noticed Nikola
 24621 | Spider:3 | Killed Nikola
 24865 | Spider:5 | Entered Level 5 of the Spider Nest
 25030 | Spider:5 | Noticed Gorice's ghost (mighty HOWn)
 25050 | Spider:5 | Killed Gorice's ghost
 25178 | Spider:5 | Received a gift from Yredelemnul
 25178 | Spider:5 | Received a gift from Yredelemnul
 25237 | Spider:5 | Got a gossamer rune of Zot
 25362 | Spider:5 | Received a gift from Yredelemnul
 25409 | Spider:4 | Noticed Norris
 25429 | Spider:4 | Killed Norris
 25813 | Vaults:1 | Entered Level 1 of the Vaults
 25910 | Vaults:1 | Received a gift from Yredelemnul
 26121 | Vaults:3 | Learned a level 7 spell: Controlled Blink
 26252 | Vaults:3 | Received a gift from Yredelemnul
 26440 | Vaults:3 | Received a gift from Yredelemnul
 26474 | Vaults:3 | Reached XP level 18. EP: 130/170
 26572 | Vaults:3 | Noticed a Hell Sentinel
 26581 | Vaults:3 | Cast into the Abyss (deep elf demonologist)
 26596 | Vaults:3 | Escaped the Abyss
 26780 | Vaults:2 | Noticed Jory
 26855 | Vaults:2 | Killed Jory
 26888 | Vaults:2 | Noticed Xtahua
 26903 | Vaults:2 | Killed Xtahua
 26903 | Vaults:2 | Reached skill level 19 in Armour
 27257 | Vaults:2 | Found Teismoj's Book Boutique.
 27295 | Vaults:2 | Bought a book of Battle for 760 gold pieces
 27300 | Vaults:2 | Learned a level 2 spell: Song of Slaying
 27304 | Vaults:2 | Learned a level 3 spell: Regeneration
 27396 | Vaults:2 | Received a gift from Yredelemnul
 27890 | Vaults:4 | Found a staircase to the Hall of Blades.
 28259 | Vaults:4 | Reached skill level 5 in Shields
 28336 | Vaults:4 | Received a gift from Yredelemnul
 28629 | Vaults:4 | Received a gift from Yredelemnul
 28688 | Vaults:4 | Reached skill level 10 in Charms
 28718 | Vaults:4 | Paralysed by a great orb of eyes for 6 turns
 28719 | Vaults:4 | Reached skill level 10 in Translocations
 28981 | Vaults:4 | Reached XP level 19. EP: 134/178
 29224 | Vaults:5 | Entered Level 5 of the Vaults
 29615 | Vaults:4 | Received a gift from Yredelemnul
 29720 | Vaults:5 | Noticed Wiglaf
 29743 | Vaults:4 | Killed Wiglaf
 29810 | Vaults:4 | Received a gift from Yredelemnul
 30032 | Vaults:4 | Learned a level 3 spell: Spectral Weapon
 30407 | Vaults:5 | Got an uncursed ichor-stained executioner's axe {holy}
 30409 | Vaults:5 | Noticed a bone dragon
 30452 | Vaults:5 | Killed a bone dragon
 30478 | Vaults:4 | Identified the +8,+11 executioner's axe of Watchfulness {holy, MR+ SInv} (You took it off a yaktaur on level 5 of the Vaults)
 30690 | Vaults:5 | Reached skill level 1 in Axes
 30699 | Vaults:5 | Got a shimmering cloak
 30703 | Vaults:5 | Identified the cursed +0 cloak "Ynai" {SInv} (You found it on level 5 of the Vaults)
 30852 | Vaults:5 | Got a shimmering copper ring
 30853 | Vaults:5 | Identified the cursed ring "Foihia" {rF+ Str+2 Int+2 Acc-5 Dam+6} (You found it on level 5 of the Vaults)
 30873 | Vaults:5 | Got a crude demon trident
 30874 | Vaults:5 | Identified the +2,+8 demon trident of Karma {pierce, +Rage} (You found it on level 5 of the Vaults)
 30908 | Vaults:5 | Reached skill level 5 in Axes
 31164 | Vaults:4 | Was placed under penance by Yredelemnul
 31254 | Vaults:5 | Identified the Incunabulum of Clay and Transmigration (You found it on level 5 of the Vaults)
 31385 | Vaults:5 | Was forgiven by Yredelemnul
 31385 | Vaults:5 | Reached XP level 20. EP: 78/188
 31413 | Vaults:5 | Reached skill level 10 in Axes
 31413 | Vaults:5 | Received a gift from Yredelemnul
 31447 | Vaults:5 | Got a steaming plate armour
 31448 | Vaults:5 | Identified the cursed -3 plate armour of Filth {rF+ Dex+3} (You found it on level 5 of the Vaults)
 31538 | Vaults:4 | Upgraded the game from 0.14-a0-2381-g4cacdb4 to 0.14-a0-2400-gb2944a8
 32309 | Vaults:5 | Noticed a golden dragon
 32341 | Vaults:5 | Killed a golden dragon
 32361 | Vaults:5 | Got a silver rune of Zot
 32574 | Blade    | Entered the Hall of Blades
 32955 | Blade    | Reached skill level 15 in Axes
 33340 | Vaults:1 | Received a gift from Yredelemnul
 33385 | Vaults:1 | Noticed Jorgrun
 33398 | Vaults:1 | Killed Jorgrun
 33799 | D:10     | Fell from the grace of Yredelemnul
 33799 | D:10     | Became a worshipper of Makhleb the Destroyer
 34093 | Vaults:2 | Found a staircase to the Crypt.
 34114 | Crypt:1  | Entered Level 1 of the Crypt
 34295 | Crypt:1  | Acquired Makhleb's first power
 34710 | Crypt:2  | Found a staircase to the Tomb.
 34795 | Crypt:3  | Acquired Makhleb's second power
 34795 | Crypt:3  | Reached XP level 21. EP: 132/193
 34852 | Crypt:3  | Identified Khufu's Incunabulum of Stolen Souls
 35345 | Crypt:4  | Acquired Makhleb's third power
 35349 | Crypt:5  | Entered Level 5 of the Crypt
 35548 | Crypt:5  | Got a flickering iron ring
 35593 | Crypt:5  | Acquired Makhleb's fourth power
 35618 | Crypt:5  | Identified the Compendium of the Viper (You found it on level 5 of the Crypt)
 35626 | Crypt:5  | Got a brightly glowing golden ring
 35626 | Crypt:5  | Got a glittering platinum ring
 35627 | Crypt:5  | Identified the ring of Namneoc {rN+ Dex+2 Int+4} (You found it on level 5 of the Crypt)
 35629 | Crypt:5  | Identified the ring "Skurch" {rN+ Dex+1 Int+4} (You found it on level 5 of the Crypt)
 35629 | Crypt:5  | Identified the ring "Plequ" {rPois rC++ rN+ Acc+6 Stlth--} (You took it off a vampire knight on level 5 of the Crypt)
 36047 | Crypt:5  | Identified a +2 rod of fiery destruction (0/10) (You took it off a vampire on level 5 of the Crypt)
 36394 | Crypt:5  | Gained mutation: Your spells are a little harder to cast, but a little more powerful. [potion of beneficial mutation]
 36716 | Crypt:4  | Noticed Margery
 36723 | Crypt:4  | Reached skill level 20 in Axes
 36727 | Crypt:4  | Acquired Makhleb's fifth power
 36729 | Crypt:4  | Killed Margery
 37002 | Tomb:1   | Entered Level 1 of the Tomb of the Ancients
 37223 | Tomb:1   | Noticed a greater mummy
 37228 | Tomb:1   | Noticed Sojobo
 37475 | Tomb:1   | Killed Sojobo
 37627 | Tomb:1   | Killed a greater mummy
 37643 | Tomb:1   | Reached XP level 22. EP: 191/203
 37648 | Tomb:1   | Noticed a greater mummy
 37664 | Tomb:1   | Killed a greater mummy
 37979 | Tomb:2   | Noticed a greater mummy
 37988 | Tomb:2   | Killed a greater mummy
 38351 | Tomb:3   | Entered Level 3 of the Tomb of the Ancients
 38677 | Tomb:3   | Noticed a greater mummy
 38706 | Tomb:3   | Noticed a greater mummy
 38714 | Tomb:3   | Noticed a greater mummy
 38714 | Tomb:3   | Killed a greater mummy
 38721 | Tomb:3   | Killed a greater mummy
 38827 | Tomb:3   | Noticed a greater mummy
 38828 | Tomb:3   | Reached skill level 21 in Axes
 38831 | Tomb:3   | Killed a greater mummy
 38832 | Tomb:3   | Noticed a greater mummy
 38942 | Tomb:3   | Killed a greater mummy
 38946 | Tomb:3   | Noticed a greater mummy
 38950 | Tomb:3   | Killed a greater mummy
 39148 | Tomb:2   | Noticed a greater mummy
 39159 | Tomb:2   | Demolished by an ettin simulacrum

Action                   |  1- 3 |  4- 6 |  7- 9 | 10-12 | 13-15 | 16-18 | 19-21 | 22-24 || total
-------------------------+-------+-------+-------+-------+-------+-------+-------+-------++-------
Melee: Spear             |   156 |   147 |       |       |       |       |       |       ||   303
       Halberd           |       |    71 |   415 |   691 |       |       |       |       ||  1177
       Scythe            |       |    15 |     9 |   109 |       |       |       |       ||   133
       Glaive            |       |       |       |   295 |       |       |       |       ||   295
       Demon trident     |       |       |       |   110 |  1812 |  1385 |   958 |       ||  4265
       Executioner's axe |       |       |       |       |       |       |   740 |   233 ||   973
       Staff             |       |       |       |       |       |       |       |     2 ||     2
 Fire: Blowgun           |       |       |       |     6 |       |       |       |       ||     6
Throw: Dart              |       |       |       |     2 |       |       |       |       ||     2
 Cast: Apportation       |       |       |       |       |       |     7 |     3 |     2 ||    12
       Haste             |       |       |       |       |       |     1 |    14 |     3 ||    18
       Control Teleport  |       |       |       |       |       |     1 |     1 |       ||     2
       Regeneration      |       |       |       |       |       |     1 |    54 |    42 ||    97
       Phase Shift       |       |       |       |       |       |       |    34 |     2 ||    36
Invok: Injury Mirror     |       |     3 |     3 |     8 |     2 |       |       |       ||    16
       Recall Undead Sla |       |     1 |       |     5 |    15 |    59 |     4 |       ||    84
       Animate Remains   |       |     1 |    12 |    26 |       |       |       |       ||    39
       Animate Dead      |       |       |       |    15 |    66 |   119 |    42 |       ||   242
       Drain Life        |       |       |       |       |    30 |    59 |    12 |       ||   101
       Enslave Soul      |       |       |       |       |     1 |     5 |       |       ||     6
 Abil: Evoke Teleportati |       |       |       |       |       |     1 |       |     2 ||     3
Evoke: Wand              |       |       |     7 |    34 |    11 |     5 |     4 |       ||    61
       Box of beasts     |       |       |       |     6 |       |       |       |       ||     6
       Lamp of fire      |       |       |       |       |     1 |     2 |       |       ||     3
  Use: Scroll            |       |     5 |     6 |    24 |    23 |    15 |    15 |     5 ||    93
       Potion            |       |       |       |     7 |    10 |    12 |    16 |     7 ||    52
 Stab: Distracted        |       |       |     2 |     5 |    18 |    26 |     9 |       ||    60
       Confused          |       |       |       |       |     1 |       |       |       ||     1
       Fleeing           |       |       |       |       |       |     2 |       |       ||     2
       Held in net/web   |       |       |       |       |       |     1 |       |       ||     1
       Paralysed         |       |       |       |       |       |     1 |       |       ||     1
